cohdb
Replays
Latest Replays
All Replays
Popular Replays
Top Player Replays
Match Explorer
How It Works
Community
CoH3 Stats
Reddit
Sign in to upload your games and track your stats! →
Sign in with Steam
Match 42852977
Unlisted
Match 42852977
Overview
Messages
Build Orders
End
Royal Engineer Section
Royal Engineer Section
Selects Heavy Armor Battlegroup
Royal Engineer Section
Construct Section Command Post
Infantry Section
Infantry Section
ML 3-inch Mortar Team
Construct Field Infirmary
Selects Engineer Detachments
Vickers Machine Gun Team
Construct Platoon Command Post
Humber Armored Car
Selects Forward Repair Assembly
6-pounder Anti-tank Gun Team
6-pounder Anti-tank Gun Team
Infantry Section
Royal Engineer Section
6-pounder Anti-tank Gun Team
Construct Company Command Post
MonKeY
Crossbone
Bananenratte
Nico-Nico-Nii~~
0
0
Comments
sign in to comment!
No comments posted yet!